 Dungeon Crawl Stone Soup version 0.21.1 (webtiles) character file.

480 HEYYEYAAE the Digger (level 6, -9/48 HPs)
             Began as a Demigod Earth Elementalist on Feb 2, 2018.
             Mangled by Pikel
             ... wielding a +0 whip of electrocution
              (17 damage)
             ... on level 5 of the Dungeon.
             The game lasted 00:08:36 (4592 turns).

HEYYEYAAE the Digger (Demigod Earth Elementalist)   Turns: 4592, Time: 00:08:37

Health: -9/48      AC:  5    Str: 11    XL:     6   Next: 55%
Magic:  8/14       EV: 12    Int: 23    God:
Gold:   306        SH:  4    Dex: 16    Spells: 7/11 levels left

rFire    . . .     SeeInvis .   b - +0 spear
rCold    . . .     Gourm    .   l - +0 buckler
rNeg     . . .     Faith    .   u - +2 leather armour {rPois}
rPois    +         Spirit   .   (no helmet)
rElec    .         Reflect  .   (no cloak)
rCorr    .         Harm     .   (no gloves)
MR       +....                  (no boots)
Stlth    ++........             (no amulet)
HPRegen  0.16/turn              s - ring of protection from magic
MPRegen  0.14/turn              (no ring)

@: very slightly contaminated
A: high mp 1
a: no special abilities


You were on level 5 of the Dungeon.
You were not hungry.

You visited 1 branch of the dungeon, and saw 5 of its levels.

You collected 306 gold pieces.

Inventory:

Hand Weapons
 b - a +0 spear (weapon)
Missiles
 p - 5 stones (quivered)
Armour
 c - the +0 ring mail of the Leaf {rC+}
   (You found it on level 4 of the Dungeon)

   It protects you from cold.
 l - a +0 buckler (worn)
 u - a +2 leather armour of poison resistance (worn)
Jewellery
 r - an uncursed ring of ice
 s - a ring of protection from magic (left hand)
Wands
 v - a wand of scattershot (6)
Scrolls
 a - 2 scrolls of enchant weapon {unknown}
 h - a scroll of identify
 i - 2 scrolls of noise {unknown}
 k - a scroll of random uselessness {unknown}
 m - 3 scrolls of remove curse
 q - a scroll of teleportation {unknown}
 y - a scroll of amnesia {unknown}
Potions
 f - a potion of ambrosia
 g - a potion of resistance
 j - a potion of berserk rage
 n - 2 potions of curing
 o - a potion of brilliance
 t - 2 potions of degeneration
 w - a potion of lignification
Books
 e - a book of Geomancy

   Spells                             Type                      Level
   a - Sandblast                      Earth                        1
   b - Passwall                       Transmutation/Earth          2
   c - Stone Arrow                    Conjuration/Earth            3
   d - Petrify                        Transmutation/Earth          4
   e - Lee's Rapid Deconstruction     Earth                        5
 x - a book of Maledictions

   Spells                             Type                      Level
   a - Corona                         Hexes                        1
   b - Ensorcelled Hibernation        Hexes/Ice                    2
   c - Confuse                        Hexes                        3
   d - Tukima's Dance                 Hexes                        3
   e - Dazzling Spray                 Conjuration/Hexes            3
Comestibles
 d - 9 rations


   Skills:
 + Level 2.0 Fighting
 + Level 1.9 Armour
 + Level 2.9 Dodging
 - Level 1.7 Stealth
 + Level 1.8 Shields
 * Level 3.4 Spellcasting
   Level 0.8 Transmutations
 * Level 4.3 Earth Magic


You had 7 spell levels left.
You knew the following spells:

 Your Spells              Type           Power        Failure   Level  Hunger
a - Sandblast             Erth           ###...       3%          1    None
b - Stone Arrow           Conj/Erth      ##....       24%         3    ###....


Dungeon Overview and Level Annotations

Branches:
Dungeon (5/15)             Temple (0/1) D:4

Annotations:
D:5 Pikel


Innate Abilities, Weirdness & Mutations

You have an increased reservoir of magic. (+10% MP)


Message History

Confirm with . or Enter, or press ? or * to list all spells.
Aiming: Sandblast
Press: ? - help, Shift-Dir - straight line, f/p - Pikel
Aim: Pikel, wielding a whip of electrocution and wearing a robe (lightly wounded)
The blast of sand hits Pikel.
Pikel is lightly wounded.
p - 5 stones Pikel hits you with a whip of electrocution!
You are electrocuted!
* * * LOW HITPOINT WARNING * * *
Unknown command.
Press: ? - help, v - describe, . - travel, g - get item
Here: Pikel, wielding a whip of electrocution and wearing a robe (lightly wounded)
An animal skin.
There is something else lying underneath.
The floor.
Okay, then.
Okay, then.
Pikel hits you but does no damage.
You are electrocuted!
You die... .$.# #..# .p. #hp

#.# #p# #Z# ##
####K# . ##
#..@.# #.#..
##.####
###.#.####...#
............#
#.#........#
###.....##...#
###......#######
##...#.#....#
...#.....##.##


You could see Pikel, 3 slaves, a jackal and a bullfrog skeleton.

Vanquished Creatures
  Duvessa (D:4)
  A slave (D:5)
  Dowan (D:4)
  A scorpion (D:4)
  A bullfrog skeleton (D:4)
  An orc wizard (D:3)
  Ijyb (D:4)
  5 adders
  4 gnolls (D:3)
  2 oozes
  A dart slug (D:1)
  2 worms (D:3)
  A leopard gecko (D:1)
  9 orcs
  7 bats
  5 giant cockroaches
  7 goblins
  10 hobgoblins
  4 jackals
  A quokka (D:3)
  A ball python (D:3)
  3 frilled lizards (D:3)
  6 kobolds
  7 rats
  A spectral orc (D:2)
83 creatures vanquished.

Notes
Turn   | Place    | Note
-------+----------+-------------------------------------------
     0 | D:1      | HEYYEYAAE the Demigod Earth Elementalist began the quest for the Orb.
     0 | D:1      | Reached XP level 1. HP: 14/14 MP: 5/5
   152 | D:1      | Reached XP level 2. HP: 13/20 MP: 2/7
   326 | D:1      | Reached skill level 3 in Earth Magic
   925 | D:2      | Reached XP level 3. HP: 27/27 MP: 6/9
  1076 | D:2      | Found a glowing golden altar of the Shining One.
  1597 | D:2      | Found a basalt altar of Yredelemnul.
  2170 | D:3      | Reached skill level 1 in Fighting
  2170 | D:3      | Reached XP level 4. HP: 35/35 MP: 6/10
  2246 | D:3      | Reached skill level 1 in Armour
  2253 | D:3      | Learned a level 3 spell: Stone Arrow
  2413 | D:3      | Found a snail-covered altar of Cheibriados.
  2837 | D:3      | Reached skill level 1 in Shields
  2902 | D:3      | Reached XP level 5. HP: 30/40 MP: 4/11
  3312 | D:4      | Got an ancient ring mail
  3324 | D:4      | Identified the cursed +0 ring mail of the Leaf {rC+} (You found it on level 4 of the Dungeon)
  3550 | D:4      | Noticed Duvessa
  3550 | D:4      | Noticed Dowan
  3559 | D:4      | Killed Duvessa
  3559 | D:4      | Reached skill level 4 in Earth Magic
  3559 | D:4      | Reached XP level 6. HP: 19/48 MP: 2/13
  3565 | D:4      | Killed Dowan
  3840 | D:4      | Noticed Ijyb
  3848 | D:4      | Killed Ijyb
  3904 | D:4      | Found a blossoming altar of Fedhas.
  4140 | D:4      | Found a staircase to the Ecumenical Temple.
  4358 | D:4      | Found a glowing silver altar of Zin.
  4439 | D:5      | Entered Level 5 of the Dungeon
  4540 | D:5      | Noticed Pikel
  4592 | D:5      | Mangled by Pikel

Skill      XL: |  1  2  3  4  5  6 |
---------------+-------------------+-----
Spellcasting   | 2 3 |  3.4
Earth Magic    | 3 4 |  4.3
Dodging        | 2 |  2.9
Fighting       | 1 2 |  2.0
Armour         | 1 |  1.9
Shields        | 1 |  1.8
Stealth        | |  1.7
Transmutations | |  0.8

Action                   |  1- 3 |  4- 6 || total
-------------------------+-------+-------++-------
Melee: Unarmed           |     6 |    20 ||    26
       Spear             |       |   166 ||   166
 Cast: Sandblast         |    56 |    53 ||   109
       Stone Arrow       |       |     6 ||     6
  Use: Potion            |     1 |     2 ||     3
       Scroll            |       |     7 ||     7
 Stab: Distracted        |       |     1 ||     1
  Eat: Chunk             |     2 |     6 ||     8
       Ration            |     1 |     1 ||     2
Armor: Robe              |     7 |    14 ||    21
       Leather armour    |       |    42 ||    42
Dodge: Dodged            |    21 |   140 ||   161
Block: Buckler           |       |    34 ||    34
